AoeStats
← Sargas

QS Arena

503288456Analyzed
1v1 RM · 1mo ago on Aug 31, 2026· 54m 29s· 2 players
Game mode
Random Map
Map size
Tiny (2 player)
Population
200
Speed
Normal
Resources
Standard
Victory
Conquest
Starting age
Dark Age
Ending age
Imperial Age
RankedLock teamsTeams togetherTeam positionsShared explorationLock speedFull tech treeHidden civsTurbo modeCheats
Victory
Defeat
🇦🇷 Slavs · Argentina
672
+13
🇨🇱 Cumans · Chile
605
-18
Sargas
6:55 Loom
9:06 Feudal Age
9:44 Double-Bit Axe
9:42 Horse Collar
12:24 Gold Mining
13:18 Stone Mining
15:15 Scale Barding Armor
17:26 Fletching
21:47 Forging
24:50 Castle Age
24:56 Pikeman
26:36 Iron Casting
26:02 Scale Mail Armor
25:58 Bodkin Arrow
26:58 Bow Saw
26:57 Heavy Plow
31:38 Chain Barding Armor
31:19 Padded Archer Armor
31:34 Chain Mail Armor
31:44 Thumb Ring
34:25 Gold Shaft Mining
34:32 Wheelbarrow
33:45 Town Watch
34:31 Leather Archer Armor
33:40 Elite Skirmisher
36:39 Capped Ram
42:56 Imperial Age
40:44 Hand Cart
44:29 Ballistics
44:16 Halberdier
47:02 Plate Barding Armor
47:30 Blast Furnace
46:44 Squires
46:35 Arson
Michel Ney
9:33 Feudal Age
10:32 Horse Collar
10:39 Double-Bit Axe
10:50 Stone Mining
15:02 Forging
18:25 Castle Age
18:21 Scale Barding Armor
19:11 Bloodlines
19:58 Light Cavalry
21:32 Pikeman
22:14 Scale Mail Armor
22:40 Bow Saw
22:31 Heavy Plow
27:22 Chain Barding Armor
36:09 Imperial Age
34:07 Husbandry
34:48 Iron Casting
34:16 Scale Mail Armor
36:57 Onager
38:57 Chemistry
45:59 Blast Furnace
45:14 Chain Mail Armor
45:35 Plate Barding Armor
45:17 Elite Boyar
46:32 Ballistics
48:47 Wheelbarrow
49:32 Crop Rotation
48:56 Gold Mining
48:53 Loom
49:10 Heavy Scorpion
50:49 Halberdier
51:44 Hussar
Connection lost

Rejoining the realm…

Still unreachable

The connection could not be restored.

Session expired

The server has moved on; the page needs a fresh start.